 Dungeon Crawl Stone Soup version 0.23.2-40-g277498a001 (webtiles) character file.

Game seed: 9016840370293165581

120 Martska the Ducker (level 5, 0/38 HPs)
             Began as a Merfolk Ice Elementalist on Oct 25, 2019.
             Slain by a gnoll
             ... wielding a +0 spear
              (8 damage)
             ... on level 3 of the Dungeon.
             The game lasted 00:07:48 (3155 turns).

Martska the Ducker (Merfolk Ice Elementalist)       Turns: 3155, Time: 00:07:48

Health: 0/38       AC:  3    Str:  8    XL:     5   Next: 4%
Magic:  1/8        EV: 13    Int: 15    God:
Gold:   117        SH:  0    Dex: 15    Spells: 2/8 levels left

rFire    . . .     SeeInvis .   h - +0 spear
rCold    . . .     Gourm    .   (no shield)
rNeg     . . .     Faith    .   k - +0 leather armour
rPois    .         Spirit   .   (no helmet)
rElec    .         Reflect  .   (no cloak)
rCorr    .         Harm     .   (no gloves)
MR       .....                  (no boots)
Stlth    ++........             (no amulet)
HPRegen  0.12/turn              (no ring)
MPRegen  0.11/turn              (no ring)

@: very slightly contaminated
A: change form in water, swift swim, stealthy swim
a: no special abilities


You were on level 3 of the Dungeon.
You were not hungry.

You visited 1 branch of the dungeon, and saw 3 of its levels.

You collected 117 gold pieces.

Inventory:

Hand Weapons
 e - a +0 dagger
 h - a +0 spear (weapon)
 o - a +0 dagger of venom
Missiles
 i - 29 poisoned needles
 l - 7 javelins (quivered)
Armour
 a - a +0 robe
 k - a +0 leather armour (worn)
Scrolls
 b - a scroll of fog {unknown}
 d - a scroll of noise {unknown}
 f - a scroll of remove curse {unknown}
 j - 4 scrolls of identify {unknown}
 m - a scroll of random uselessness {unknown}
 p - a scroll of teleportation {unknown}
Potions
 g - a potion of haste {unknown}
 n - a potion of invisibility {unknown}
Comestibles
 c - 6 rations


   Skills:
 * Level 2.1 Fighting
 * Level 2.0 Polearms
 * Level 4.1 Dodging
 + Level 2.8 Stealth
 + Level 2.3 Spellcasting
 - Level 0.7 Conjurations
 + Level 0.6 Charms
 + Level 3.7 Ice Magic


You had 2 spell levels left.
You knew the following spells:

 Your Spells              Type           Power        Failure   Level  Hunger
a - Freeze                Ice            ##..         7%          1    #......
b - Throw Frost           Conj/Ice       #.....       19%         2    ###....
c - Ozocubu's Armour      Chrm/Ice       #.......     36%         3    ###....

Your spell library contained the following spells:

 Spells                   Type           Power        Failure   Level  Hunger
 Throw Icicle             Conj/Ice       #.......     77%         4    #####..
 Summon Ice Beast         Ice/Summ       #.......     82%         4    #####..


Dungeon Overview and Level Annotations

Branches:
Dungeon (3/15)

Altars:
Trog


Message History

You freeze the gnoll.
The gnoll is severely wounded.
The gnoll hits you.
An orc comes into view. It is wielding a +0 hand axe.
You hit the gnoll.
You kill the gnoll!
Your Polearms skill increases to level 2!
You have reached level 5!
You feel clever. The gnoll closely misses you.
You hit the gnoll.
The gnoll is lightly wounded.
The gnoll hits you from afar with a +0 spear!
The gnoll hits you.
The gnoll hits you from afar with a +0 halberd!
* * * LOW HITPOINT WARNING * * *
There is a stone staircase leading down here.
You can't go up here!
The gnoll hits you from afar with a +0 spear!
You die...

## .. .###.############
####### .......gg@.......
...... ###..og..#######
#....#
.....o.##.###########....#
...[... #.................
.###### #####......##...^#
#.####.##....# #.#
#.#####.. #.# #.##<.##.
#.# #..#.รท.#.


You could see 3 gnolls and 2 orcs.

Vanquished Creatures
  A gnoll (D:3)
  5 adders
  3 dart slugs
  3 leopard geckos
  3 orcs (D:2)
  3 bats
  3 giant cockroaches (D:1)
  5 goblins
  5 hobgoblins
  4 jackals
  2 quokkas (D:2)
  3 frilled lizards
  7 kobolds
  5 rats
52 creatures vanquished.

Notes
Turn   | Place    | Note
-------+----------+-------------------------------------------
     0 | D:1      | Martska the Merfolk Ice Elementalist began the quest for
                  | the Orb.
     0 | D:1      | Reached XP level 1. HP: 13/13 MP: 3/3
   146 | D:1      | Reached skill level 3 in Dodging
   146 | D:1      | Reached XP level 2. HP: 8/20 MP: 0/5
   507 | D:1      | Reached skill level 1 in Fighting
  1198 | D:1      | Reached XP level 3. HP: 25/26 MP: 6/6
  1602 | D:2      | Reached skill level 1 in Polearms
  1875 | D:2      | Reached XP level 4. HP: 31/32 MP: 4/7
  1931 | D:2      | Learned a level 2 spell: Throw Frost
  1935 | D:2      | Learned a level 3 spell: Ozocubu's Armour
  2295 | D:2      | Found a bloodstained altar of Trog.
  2794 | D:3      | Reached skill level 4 in Dodging
  3151 | D:3      | Reached XP level 5. HP: 32/38 MP: 0/8
  3155 | D:3      | Slain by a gnoll

Skill      XL: |  1  2  3  4 |
---------------+-------------+-----
Dodging        | 3 4 |  4.1
Fighting       | 1 2 |  2.1
Polearms       | 1 2 |  2.0
Stealth        | |  2.8
Spellcasting   | |  2.3
Conjurations   | |  0.7
Charms         | |  0.6
Ice Magic      | |  3.7

Action                   |  1- 3 |  4- 6 || total
-------------------------+-------+-------++-------
Melee: Unarmed           |     5 |       ||     5
       Dagger            |    25 |       ||    25
       Spear             |    45 |    61 ||   106
 Cast: Freeze            |    34 |    22 ||    56
       Throw Frost       |       |     4 ||     4
 Stab: Sleeping          |     3 |     1 ||     4
  Eat: Ration            |     1 |     1 ||     2
       Chunk             |       |     2 ||     2
Armor: Robe              |     9 |       ||     9
       Leather armour    |     8 |    16 ||    24
Dodge: Dodged            |    75 |    68 ||   143
